 Dungeon Crawl Stone Soup version 0.23.2-30-g0e89c35649 (webtiles) character file.

Game seed: 385307745501274959

551 beigtais the Sneak (level 7, 0/52 HPs)
             Began as a Demonspawn Assassin on June 25, 2019.
             Was a Follower of Uskayaw.
             Killed from afar by a dream sheep (52 damage)
             ... with an exploding inner flame
             ... on level 4 of the Dungeon.
             The game lasted 00:21:10 (3631 turns).

beigtais the Sneak (Demonspawn Assassin)            Turns: 3631, Time: 00:21:10

Health: 0/52       AC:  5    Str: 11    XL:     7   Next: 7%
Magic:  8/8        EV: 13    Int: 13    God:    Uskayaw [*.....]
Gold:   156        SH:  0    Dex: 16    Spells: 8/8 levels left

rFire    . . .     SeeInvis .   j - +1 dagger (venom)
rCold    . . .     Gourm    .   (no shield)
rNeg     . . .     Faith    .   c - +1 robe
rPois    .         Spirit   .   (no helmet)
rElec    .         Reflect  .   d - +1 cloak
rCorr    .         Harm     .   (no gloves)
MR       .....                  (no boots)
Stlth    +++.......             (no amulet)
HPRegen  0.17/turn              (no ring)
MPRegen  0.11/turn              (no ring)

@: no status effects
A: claws 1, powered by death 1
a: Stomp, Renounce Religion


You were on level 4 of the Dungeon.
You worshipped Uskayaw.
Uskayaw was noncommittal.
You were not hungry.

You visited 1 branch of the dungeon, and saw 4 of its levels.

You collected 156 gold pieces.

Inventory:

Hand Weapons
 a - a +2 dagger
 b - a +1 blowgun
 j - a +1 dagger of venom (weapon)
Missiles
 e - 22 poisoned needles
 f - 2 curare-tipped needles
 h - a throwing net (quivered)
 l - 208 stones
 s - 7 tomahawks
Armour
 c - a +1 robe (worn)
 d - a +1 cloak (worn)
Wands
 n - a wand of flame (13)
Scrolls
 i - 2 scrolls of teleportation
 k - 3 scrolls of remove curse
 m - a scroll of magic mapping
 o - 2 scrolls of blinking
Potions
 p - a potion of magic
 q - a potion of cancellation
 u - a potion of agility
 x - a potion of lignification
Comestibles
 g - 8 rations


   Skills:
 * Level 3.0 Fighting
 * Level 3.6 Short Blades
 * Level 2.7 Throwing
 * Level 2.2 Dodging
 * Level 5.8 Stealth
 * Level 1.0 Spellcasting
 * Level 1.7 Invocations


You had 8 spell levels left.
You didn't know any spells.
Your spell library was empty.

Dungeon Overview and Level Annotations

Branches:
Dungeon (4/15)
 Temple: D:4-7

Altars:
Cheibriados
Ru
Uskayaw
Vehumet
Wu Jian
Xom
Zin

Annotations:
D:4 2 transporters


Innate Abilities, Weirdness & Mutations

You have sharp fingernails.
You regenerate a little health from kills.


Message History

A dream sheep catches fire!
A frightened dream sheep leaps away.
You hear mad divine giggling.
Found a shimmering altar of Xom.
The dream sheep burns! x5
You strike the helpless dream sheep from behind!
You puncture the dream sheep!
The dream sheep is poisoned.
Your attack snaps the dream sheep out of its fear.
The dream sheep is severely wounded.
The dream sheep burns! x2
The dream sheep explodes!
The fiery explosion engulfs the dream sheep!!
The dream sheep explodes!
The fiery explosion engulfs the dream sheep!!!
The dream sheep explodes!
The fiery explosion engulfs the dream sheep!!!
The dream sheep explodes!
The fiery explosion engulfs you!!!
Ouch! That really hurt!
You die...

≈≈......#
#....##OOc©...##.#
#.# ≈≈.####.#
###...#########..#
#.# ≈#.# #.#
#.............## #.#
≈#.# #.####
##...########## #.#
≈#.# #....######..#
#.#
##.####.##..)......#
#.#
#.......##.).......#
#.#
#.......##.........#
#.#
#.......##....Y.@..#
#.#
..............§§§§.#
#.#
#..............§§§.#
#.#
#............§§§§..#
#.#
'.>..........§§§...#
#.#
#..................#
#.#
##.##........#####.#
#.# ##)# ........ .#
#.# ≈#.# ...... #.#


You could see a dream sheep (inner flame).

Vanquished Creatures
  A bullfrog (D:3)
  A scorpion (D:4)
  A howler monkey (D:4)
  A hound (D:4)
  A jelly (D:3)
  An orc priest (D:4)
  4 orc wizards
  Jessica (D:3)
  A killer bee zombie (D:3)
  5 adders
  2 oozes (D:2)
  An adder skeleton (D:4)
  2 dart slugs (D:1)
  2 leopard geckos (D:3)
  14 orcs
  2 ball pythons
  8 giant cockroaches
  6 goblins
  9 hobgoblins
  7 kobolds
  5 bats
  5 frilled lizards
  A leopard gecko skeleton (D:4)
  14 rats
95 creatures vanquished.

Vanquished Creatures (others)
  3 dream sheep (D:4)
3 creatures vanquished.

Grand Total: 98 creatures vanquished

Notes
Turn   | Place    | Note
-------+----------+-------------------------------------------
     0 | D:1      | beigtais the Demonspawn Assassin began the quest for the
                  | Orb.
     0 | D:1      | Reached XP level 1. HP: 16/16 MP: 1/1
   249 | D:1      | Reached skill level 4 in Stealth
   331 | D:1      | Gained mutation: You regenerate a little health from kills.
                  | [demonic ancestry]
   331 | D:1      | Reached XP level 2. HP: 22/22 MP: 2/2
   350 | D:1      | Reached skill level 1 in Dodging
   866 | D:2      | Reached XP level 3. HP: 27/27 MP: 3/3
  1331 | D:3      | Reached XP level 4. HP: 33/33 MP: 4/4
  1405 | D:3      | HP: 1/33 [orc wizard/+0 dagger (4)]
  1712 | D:3      | Found a snail-covered altar of Cheibriados.
  1840 | D:3      | Noticed a bullfrog
  1853 | D:3      | Killed a bullfrog
  1853 | D:3      | Reached skill level 5 in Stealth
  1853 | D:3      | Gained mutation: You have sharp fingernails. [demonic
                  | ancestry]
  1853 | D:3      | Reached XP level 5. HP: 34/39 MP: 5/5
  2029 | D:3      | Noticed a +0 dagger
  2030 | D:3      | Noticed a +0 hand axe
  2033 | D:3      | Found a hide-covered altar of Uskayaw.
  2039 | D:3      | Became a worshipper of Uskayaw the Reveler
  2064 | D:3      | Reached * piety under Uskayaw
  2475 | D:3      | Noticed Jessica
  2478 | D:3      | Killed Jessica
  2478 | D:3      | Reached XP level 6. HP: 46/46 MP: 6/6
  2481 | D:3      | Reached ** piety under Uskayaw
  2894 | D:4      | Reached skill level 1 in Invocations
  2900 | D:4      | Found a glowing silver altar of Zin.
  3032 | D:4      | Found a transporter.
  3033 | D:4      | Noticed a two-headed ogre
  3036 | D:4      | Noticed an orc warrior
  3126 | D:4      | Found a radiant altar of Vehumet.
  3161 | D:4      | Reached skill level 1 in Spellcasting
  3161 | D:4      | Reached XP level 7. HP: 29/52 MP: 8/8
  3422 | D:4      | Found a transporter.
  3462 | D:4      | Found a sacrificial altar of Ru.
  3463 | D:4      | Found an ornate altar of the Wu Jian Council.
  3629 | D:4      | Noticed a dream sheep
  3629 | D:4      | Noticed a dream sheep
  3629 | D:4      | Noticed a dream sheep
  3629 | D:4      | Noticed a dream sheep
  3629 | D:4      | Noticed a dream sheep
  3629 | D:4      | Found a shimmering altar of Xom.
  3631 | D:4      | Killed a dream sheep
  3631 | D:4      | Killed a dream sheep
  3631 | D:4      | Killed a dream sheep
  3631 | D:4      | Killed a dream sheep
  3631 | D:4      | Killed from afar by a dream sheep

Skill      XL: |  1  2  3  4  5  6 |
---------------+-------------------+-----
Stealth        | 4 5 |  5.8
Dodging        | 1 2 |  2.2
Short Blades   | 2 3 |  3.6
Throwing       | 2 |  2.7
Invocations    | 1 |  1.7
Fighting       | 3 |  3.0
Spellcasting   | 1 |  1.0

Action                   |  1- 3 |  4- 6 |  7- 9 || total
-------------------------+-------+-------+-------++-------
Melee: Dagger            |    88 |   187 |    10 ||   285
Throw: Throwing net      |       |     4 |       ||     4
Invok: Stomp             |       |     4 |       ||     4
  Use: Scroll            |    10 |     5 |     1 ||    16
       Potion            |     3 |     2 |       ||     5
 Stab: Sleeping          |    14 |     9 |       ||    23
       Distracted        |       |     2 |       ||     2
       Held in net/web   |       |     1 |       ||     1
       Fleeing           |       |       |     1 ||     1
  Eat: Chunk             |     1 |     6 |     2 ||     9
Armor: Robe              |    15 |    53 |     2 ||    70
Dodge: Dodged            |    37 |   104 |     4 ||   145
